 Dungeon Crawl Stone Soup version 0.27-a0-1456-gf5a116941d (webtiles) character file.

Game seed: 6647198369955396842

32 Lavandula the Vexing (level 3, 0/36 HPs)
             Began as a Vampire Enchanter on July 6, 2021.
             Slain by Terence (1 damage)
             ... on level 2 of the Dungeon.
             The game lasted 00:02:11 (1224 turns).

Lavandula the Vexing (Vampire Enchanter)            Turns: 1224, Time: 00:02:12

Health: 0/36       AC: 21    Str:  4 (7)  XL:     3   Next: 10%
Magic:  0/6        EV:  2    Int: 15 (18) God:
Gold:   70         SH:  0    Dex: 11 (14) Spells: 0/6 levels left

rFire    . . .     SeeInvis +   a - +1 dagger
rCold    . . .     Faith    .   (no shield)
rNeg     + + +     Spirit   .   (armour currently unavailable)
rPois    +         Reflect  .   (helmet currently unavailable)
rElec    .         Harm     .   (cloak currently unavailable)
rCorr    .         Rampage  .   (gloves currently unavailable)
Will     .....     NoTele   +   (boots currently unavailable)
Stlth    ++........             (no amulet)
HPRegen  0.32/turn              (no ring)
MPRegen  0.10/turn              (no ring)

@: brilliant, tree-form, very slightly contaminated, healing quickly
A: stationary, stasis, torment immunity, boosted hp, alive, (fangs 3), see
invisible, vampiric 2
a: Exsanguinate


You were on level 2 of the Dungeon.
You were a tree.
You visited 1 branch of the dungeon, and saw 2 of its levels.

You collected 70 gold pieces.

Inventory:

Hand Weapons
 a - a +1 dagger (weapon)
Armour
 b - a +0 robe (melded)
Scrolls
 c - a scroll of enchant weapon {unknown}
 f - a scroll of identify {unknown}
 g - a scroll of enchant armour {unknown}
Potions
 d - a potion of lignification


   Skills:
 + Level 3.4 Short Blades
 - Level 2.1 Dodging
 - Level 4.4 Stealth
 - Level 2.0 Spellcasting
 - Level 4.4 Hexes


You couldn't memorise any spells.
You knew the following spells:

 Your Spells              Type           Power      Damage    Failure   Level
a - Corona                Hex            24%        N/A       3%          1
b - Ensorcelled Hibernat  Hex/Ice        24%        N/A       14%         2
c - Tukima's Dance        Hex            22%        N/A       11%         3

Your spell library contained the following spells:

 Spells                   Type           Power      Damage    Failure   Level
 Confusing Touch          Hex            22%        N/A       11%         3
 Dazzling Flash           Conj/Hex       24%        N/A       26%         3
 Portal Projectile        Hex/Tloc       24%        N/A       26%         3
 Call Canine Familiar     Summ           2%         N/A       54%         3
 Spider Form              Tmut/Pois      1%         N/A       54%         3
 Leda's Liquefaction      Hex/Erth       6%         N/A       65%         4
 Shadow Creatures         Summ           N/A        N/A       100%        6


Dungeon Overview and Level Annotations

Branches:
Dungeon (2/15)

Altars:

Annotations:
D:2 Terence


Innate Abilities, Weirdness & Mutations

You are a tree.
Your roots penetrate the ground, keeping you stationary.
You cannot be teleported.
You are immune to unholy pain and torment.
Your maximum health is greatly increased.
Your equipment is partially melded.
Your natural rate of healing is accelerated.
((You have razor-sharp teeth.))
You have supernaturally acute eyesight. (SInv)
You are afflicted with vampirism and can become a bat while bloodless.


Message History

Casting: Ensorcelled Hibernation (safe; 11% risk of failure)
Confirm with . or Enter, or press ? or * to list all spells.
Aiming: Ensorcelled Hibernation (safe; 11% risk of failure)
Press: ? - help, Shift-Dir - straight line, f/p - Terence
Aim: Terence, wielding a +2 hand axe of flaming and wearing a +0 ring mail (chance to affect: 50%) Terence resists with some effort.
Terence drinks a potion.
Terence seems to speed up.
Casting: Ensorcelled Hibernation (safe; 11% risk of failure)
Confirm with . or Enter, or press ? or * to list all spells.
Aiming: Ensorcelled Hibernation (safe; 11% risk of failure)
Press: ? - help, Shift-Dir - straight line, f/p - Terence
Aim: Terence, wielding a +2 hand axe of flaming and wearing a +0 ring mail (fast, chance to affect: 50%)
You miscast Ensorcelled Hibernation.
You are very lightly contaminated with residual magic.
Nothing appears to happen.
Terence closely misses you.
Terence hits you with a +2 hand axe of flaming.
Terence burns you.
Okay, then.
Okay, then.
Okay, then.
It was a potion of lignification.
You turn into a tree.
Your +0 robe melds into your body.
Your roots penetrate the ground.
Terence hits you with a +2 hand axe of flaming.
* * * LOW HITPOINT WARNING * * *
Terence burns you.
* * * LOW HITPOINT WARNING * * *
Unknown command.
It was a potion of degeneration.
There was something very wrong with that liquid.
You feel weakened.
You feel dopey.
You feel clumsy.
Terence hits you with a +2 hand axe of flaming.
* * * LOW HITPOINT WARNING * * *
Terence burns you.
* * * LOW HITPOINT WARNING * * *
Terence completely misses you.
It was a potion of brilliance.
You feel clever all of a sudden. Terence shouts, "Now you die!"
Terence hits you with a +2 hand axe of flaming.
You die...

#.#..
##.###....#....
#.###
..........#....
#.##.
..............#
#.##.
#............#
#.##.
#............#
#.##.
#............#
#.###
#............
#....
#.@♣.........
#####
#.###.#.#.... #
#...# # ##..#
#..############
##>.......†....
##############
#..... #.####


You could see Terence (fast).

Vanquished Creatures
  2 dart slugs (D:1)
  An endoplasm (D:1)
  A giant cockroach (D:1)
  3 hobgoblins (D:1)
  2 jackals
  6 quokkas
  A ball python (D:1)
  2 frilled lizards (D:1)
  4 goblins (D:1)
  4 rats
26 creatures vanquished.

Vanquished Creatures (others)
  2 plants (D:1)
2 creatures vanquished.

Grand Total: 28 creatures vanquished

Notes
Turn   | Place    | Note
-------+----------+-------------------------------------------
     0 | D:1      | Lavandula the Vampire Enchanter began the quest for the
                  | Orb.
     0 | D:1      | Reached XP level 1. HP: 13/13 MP: 3/3
   320 | D:1      | Reached XP level 2. HP: 15/19 MP: 3/5
   323 | D:1      | Learned a level 2 spell: Ensorcelled Hibernation
   882 | D:1      | Gained mutation: You are afflicted with vampirism and can
                  | become a bat while bloodless. [Vampire growth]
   882 | D:1      | Reached XP level 3. HP: 23/24 MP: 3/6
  1003 | D:2      | Learned a level 3 spell: Tukima's Dance
  1216 | D:2      | Noticed Terence
  1223 | D:2      | HP: 1/36 [Terence (2)]
  1224 | D:2      | Slain by Terence

Illustrated notes

Levels and vault maps discovered:
D:1:      co_arrival_square_in_a_square_in_a_square, layout_loops_ring,
          kennysheep_pointless_box, minmay_misc_feat_plants, chequers_big_river,
          roderic_roman_lattice
D:2:      layout_basic, hellmonk_ecumenical_altar_inner_sanctum, minmay_puff,
          uniq_natasha, uniq_terence

Skill      XL: |  1  2 |
---------------+-------+-----
Short Blades   | 2 3 |  3.4
Dodging        | |  2.1
Stealth        | |  4.4
Spellcasting   | |  2.0
Hexes          | |  4.4

Action                   || total
-------------------------++-------
Melee: Dagger            ||    99
       Bite              ||     5
 Cast: Corona            ||     2
       Ensorcelled Hiber ||     5
  Use: Potion            ||     3
 Stab: Sleeping          ||     8
Armor: Robe              ||     6
Dodge: Dodged            ||    49

Table legend: (Time is in decaauts)
 A = Elapsed time spent in this place.
 B = Non-inter-level travel time spent in this place.
 C = Inter-level travel time spent in this place.
 D = Time resting spent in this place.
 E = Time spent auto-exploring this place.
 F = Levels seen in this place.
 G = Mean time per level.
                   A        B        C        D        E       F      G
               +--------+--------+--------+--------+--------+-----+--------+
         Total |   1213 |   1213 |      0 |    186 |    766 |   2 |  606.5 |
       Dungeon |   1213 |   1213 |      0 |    186 |    766 |   2 |  606.5 |
               +--------+--------+--------+--------+--------+-----+--------+

Top non-repeatable levels by time:
     D:1: 929 daAuts
     D:2: 283 daAuts
